Map: Golden Wall LE

Players

KillaPriest - Winner!

  • Race: Terran Terran
  • League: Silver
  • Spawn Location: 5:00

JohnnyV

  • Race: Terran Terran
  • League: Silver
  • Spawn Location: 7:00

VOD

Have the link to the VOD?

Description

Time

  • Played on: May 23, 2020, 11:54 a.m.
  • Length: 5:49
Show
View Real Time Build Order
Export as new Build Order

KillaPriest Terran - Winner!

Build Orders: 1/1/1, Cyclone Opening 

Get SALT Encoding   

  12  0:01  SCV  
  13  0:17  Supply Depot  
  13  0:18  SCV  
  14  0:27  Refinery  
  14  0:45  Barracks  
  14  0:47  SCV  
  15  0:59  SCV  
  15  1:03  Refinery  
  16  1:11  SCV  
  17  1:23  SCV  
  18  1:32  Factory  
  18  1:36  Barracks Tech Lab  
  18  1:44  SCV  
  19  1:56  SCV  
  20  2:02  Marauder  
  22  2:09  SCV  
  23  2:15  Supply Depot  
  23  2:16  Factory Tech Lab  
  23  2:22  Starport  
  23  2:37  Marauder  
  23  2:39  Cyclone  
  28  2:50  SCV  
  27  3:02  SCV, Marauder  
  29  3:09  Fusion Core  
  28  3:18  SCV  
  29  3:30  SCV  
  29  3:33  Starport Tech Lab  
  30  3:43  SCV  
  30  3:45  Supply Depot  
  30  3:55  SCV  
  28  4:07  SCV  
  27  4:14  Battlecruiser  
  33  4:31  Supply Depot  
  33  4:39  Armory  
  33  4:51  Cyclone  
  36  5:18  Orbital Command  
Show
View Real Time Build Order
Export as new Build Order

JohnnyV Terran 

Build Orders:  

Get SALT Encoding   

  12  0:01  SCV  
  13  0:16  Supply Depot  
  13  0:18  SCV  
  14  0:30  SCV  
  15  0:35  Refinery  
  15  0:41  Barracks  
  15  0:45  SCV  
  16  0:57  Refinery  
  16  1:03  SCV  
  17  1:15  SCV  
  17  1:17  Supply Depot  
  18  1:28  SCV  
  18  1:29  Reaper  
  20  1:40  SCV  
  20  1:41  Factory  
  21  1:52  SCV  
  22  2:04  SCV  
  22  2:06  Engineering Bay  
  23  2:14  Barracks Tech Lab  
  23  2:16  SCV  
  24  2:25  Widow Mine  
  24  2:28  SCV  
  27  2:31  Starport  
  27  2:48  Marine  
  28  3:13  Starport Tech Lab  
  28  3:16  Barracks Reactor  
  27  3:20  Siege Tank  
  27  3:24  Terran Infantry Armor Level 1  
  30  3:29  Orbital Command  
  30  3:30  Bunker  
  30  3:32  Fusion Core  
  27  4:04  Siege Tank  
  30  4:12  Marine  
  31  4:19  Supply Depot  
  31  4:40  Marine  
  31  4:42  Siege Tank  
  38  4:55  Command Center  
  37  5:18  Supply Depot  
  35  5:30  Marine  
  35  5:31  Marine  
Tags
 
Add a new tag
Caveats
  • Supply blocks, unpowered buildings, or Contaminate may cause inaccurate times.
  • Supply counts are checked every 10 seconds.